 Dungeon Crawl Stone Soup version 0.23.2-1-ga50397a6bc (webtiles) character file.

Game seed: 5496562485461318098

83 Mrkan the Poker (level 4, -4/35 HPs)
             Began as a Merfolk Gladiator on May 18, 2019.
             Slain by a gnoll (6 damage)
             ... on level 2 of the Dungeon.
             The game lasted 00:02:55 (1880 turns).

Mrkan the Poker (Merfolk Gladiator)                 Turns: 1880, Time: 00:02:55

Health: -4/35      AC:  4    Str: 15    XL:     4   Next: 44%
Magic:  4/4        EV: 14    Int:  7    God:
Gold:   86         SH:  0    Dex: 15    Spells: 3/3 levels left

rFire    . . .     SeeInvis .   a - +0 trident
rCold    . . .     Gourm    .   (no shield)
rNeg     . . .     Faith    .   b - +0 leather armour
rPois    .         Spirit   .   c - +0 helmet
rElec    .         Reflect  .   (no cloak)
rCorr    .         Harm     .   (no gloves)
MR       .....                  (no boots)
Stlth    +.........             (no amulet)
HPRegen  0.11/turn              (no ring)
MPRegen  0.09/turn              (no ring)

@: no status effects
A: change form in water, swift swim, stealthy swim
a: no special abilities


You were on level 2 of the Dungeon.
You were very hungry.

You visited 1 branch of the dungeon, and saw 3 of its levels.

You collected 86 gold pieces.

Inventory:

Hand Weapons
 a - a +0 trident (weapon)
Missiles
 d - 3 throwing nets (quivered)
Armour
 b - a +0 leather armour (worn)
 c - a +0 helmet (worn)
 p - a +0 pair of boots
Jewellery
 n - an uncursed ring of poison resistance {unknown}
 t - an uncursed amulet of faith {unknown}
Scrolls
 e - 2 scrolls of remove curse {unknown}
 j - a scroll of fog {unknown}
 l - a scroll of teleportation {unknown}
 r - a scroll of random uselessness {unknown}
 s - a scroll of immolation {unknown}
Potions
 g - a potion of resistance {unknown}
 h - 3 potions of curing {unknown}
 i - a potion of flight {unknown}
 k - a potion of heal wounds {unknown}
 m - a potion of magic {unknown}
 o - a potion of cancellation {unknown}
 q - a potion of agility {unknown}
Comestibles
 f - a ration


   Skills:
 + Level 3.0 Fighting
 * Level 6.2 Polearms
 - Level 2.0 Throwing
 + Level 4.8 Dodging


You had 3 spell levels left.
You didn't know any spells.
Your spell library was empty.

Dungeon Overview and Level Annotations

Branches:
Dungeon (3/15)

Altars:
Qazlal


Message History

The gnoll hits you from afar with a +0 spear.
You climb upwards.
There is a stone staircase leading down here.
You barely miss the gnoll. The gnoll barely misses you.
You hit the gnoll.
The gnoll is moderately wounded.
The gnoll hits you.
* * * LOW HITPOINT WARNING * * *
You closely miss the gnoll.
The gnoll is moderately wounded.
The gnoll hits you.
* * * LOW HITPOINT WARNING * * *
You hit the gnoll but do no damage.
The gnoll is moderately wounded.
The gnoll hits you.
* * * LOW HITPOINT WARNING * * *
You puncture the gnoll!
The gnoll is severely wounded.
The gnoll hits you.
You die...

# ##.....## ###.#
#.### #
##...##########.#
#.### #
##'#........##.#
#.... #
#.#.######.##.#
#.... # #.#.# #.##.#
##... # ######.#.#
####.##.# #####<# #
#........# #.......#
#...... #
#.##.....###.##.####
#.###.# #
#.###........g@.#
#.# #.#
###.####.#.###.####
#.###.#
...............#
#......
###.######.#####
####### #.######.#
#........#
##########


You could see a gnoll.

Vanquished Creatures
  A gnoll (D:3)
  2 adders (D:2)
  An ooze (D:1)
  A dart slug (D:1)
  2 leopard geckos
  A giant cockroach (D:1)
  7 goblins
  5 hobgoblins
  4 jackals
  6 kobolds
  6 bats
  2 frilled lizards
  6 rats
44 creatures vanquished.

Notes
Turn   | Place    | Note
-------+----------+-------------------------------------------
     0 | D:1      | Mrkan the Merfolk Gladiator began the quest for the Orb.
     0 | D:1      | Reached XP level 1. HP: 16/16 MP: 1/1
    59 | D:1      | Reached XP level 2. HP: 21/23 MP: 2/2
    86 | D:1      | Reached skill level 5 in Polearms
   262 | D:1      | Reached XP level 3. HP: 27/28 MP: 3/3
  1332 | D:2      | Found a stormy altar of Qazlal.
  1342 | D:2      | Reached XP level 4. HP: 28/34 MP: 4/4
  1437 | D:2      | Reached skill level 6 in Polearms
  1879 | D:2      | HP: 1/35 [gnoll (4)]
  1880 | D:2      | Slain by a gnoll

Skill      XL: |  1  2  3  4 |
---------------+-------------+-----
Polearms       | 5 6 |  6.2
Fighting       | 3 |  3.0
Throwing       | |  2.0
Dodging        | |  4.8

Action                   |  1- 3 |  4- 6 || total
-------------------------+-------+-------++-------
Melee: Trident           |   115 |    32 ||   147
 Stab: Sleeping          |     3 |       ||     3
       Distracted        |       |     1 ||     1
  Eat: Chunk             |     1 |     1 ||     2
Armor: Leather armour    |    20 |     5 ||    25
Dodge: Dodged            |    77 |    18 ||    95
